Cogmind - Beta 16.1 @@@ ROGUE MODE // 2026.03.08 @ 12:31:04 Player: Ragnakor Result: Destroyed by G-34 Mercenary with Small Laser Performance ------------- Evolutions (1) 500 Regions Visited (2) 400 Robots Destroyed (29) 145 Value Destroyed (571) 571 Prototype IDs (0) 0 Alien Tech Used (0) 0 Bonus (0) 0 TOTAL SCORE: 1616 Bonus ------- None Cogmind --------- Core Integrity 0/400 Matter 245/300 Energy 62/100 System Corruption 0% Temperature Cool (6) Movement Core (200) Ox3 Location -9/Materials Parts ------- > --- POWER (1) -------- (None) > --- PROPULSION (4) --- (None) > --- UTILITY (2) ------ Salvage Targeting Computer Field Recycling Unit > --- WEAPON (2) ------- Small Laser Heavy Mace > --- INVENTORY (5) ---- Light Nuclear Core Small Laser Peak State ------------ > --- POWER ------------ Light Nuclear Core > --- PROPULSION ------- Light Treads Backup Propulsion I Flight Unit > --- UTILITY ---------- Salvage Targeting Computer Field Recycling Unit > --- WEAPON ----------- Light Assault Rifle Heavy Mace > --- INVENTORY -------- Light Nuclear Core [Rating: 14] Favorites ----------- Power Ion Engine Engine Ion Engine Power Core Light Nuclear Core Propulsion Aluminum Leg Treads Light Treads Leg Aluminum Leg Wheel Compact Wheel Hover Unit Backup Propulsion I Flight Unit Flight Unit Utility Salvage Targeting Computer Device Field Recycling Unit Processor Salvage Targeting Computer Protection Light Armor Plating Weapon Light Assault Rifle Energy Gun Small Laser Ballistic Gun Light Assault Rifle Launcher Grenade Launcher Impact Weapon Heavy Mace Build | -11 -10 -9 ------- Run | Yrd Mat Mat Slots Evolved 2 | . . 2 Power . | . . . Propulsion 2 | . . 2 Utility . | . . . Weapon . | . . . Parts Attached 23 | 5 1 17 Power 5 | 1 . 4 Engine 4 | 1 . 3 Core 1 | . . 1 Reactor . | . . . Propulsion 7 | 2 . 5 Treads 2 | . . 2 Leg 3 | 2 . 1 Wheel 1 | . . 1 Hover . | . . . Flight 1 | . . 1 Utility 4 | . 1 3 Device 1 | . . 1 Storage . | . . . Processor 2 | . . 2 Hackware . | . . . Protection 1 | . 1 . Artifact . | . . . Weapon 7 | 2 . 5 Energy Gun 2 | . . 2 Energy Cannon . | . . . Ballistic Gun 2 | 2 . . Ballistic Cannon . | . . . Launcher 2 | . . 2 Special Weapon . | . . . Impact Weapon 1 | . . 1 Slashing Weapon . | . . . Piercing Weapon . | . . . Special Melee Weapon . | . . . Unidentified Prototypes . | . . . Parts Lost 18 | . . 18 Power 4 | . . 4 Propulsion 8 | . . 8 Utility 2 | . . 2 Weapon 4 | . . 4 Highest Loss Streak 5 | . . 5 To Critical Strikes . | . . . Average Backups 1 | 1 2 1 Power 1 | . 1 1 Propulsion . | . 1 . Utility . | . . . Weapon . | . . . Tool/Special . | . . . Unused Backups 1 | . . 1 Power 1 | . . 1 Propulsion . | . . . Utility . | . . . Weapon . | . . . Tool/Special . | . . . Average Slot Usage (%) 73 | . 77 72 Engine 9 | . 14 9 Core 1 | . . 1 Treads 5 | . . 6 Leg 13 | . 28 9 Wheel 2 | . . 2 Hover 3 | . . 3 Flight 3 | . . 4 Device 3 | . . 3 Processor 7 | . . 8 Protection 4 | . 6 4 Energy Gun 1 | . . 1 Ballistic Gun 14 | . 28 11 Launcher 3 | . . 4 Peak Build Rating 14 | 5 6 14 Average Rating 7 | 4 5 8 On Entrance 3 | . 5 6 Avg Prop Armor Cover (%) 4 | . . 4 Naked Turns . | . . . Heaviest Build 17 | 8 11 17 Greatest Support 40 | 20 20 40 Greatest Overweight (x) 4 | . . 4 Average Overweight (x) . | . . . Largest Inventory Capacity 5 | 5 5 5 Average Capacity 5 | 5 5 5 Most Carried 4 | 2 4 4 Average Carried 1 | 1 2 1 Final Capacity 5 | 5 5 5 Final Carried 4 | 2 4 2 Class Distribution -------------------- 81% | Mutant 18% | Scavenger-Mutant Dominant Class ---------------- Mutant | -10/Materials Mutant | -9/Materials Resources | -11 -10 -9 ----------- Run | Yrd Mat Mat Matter Collected 713 | 173 41 499 Remotely . | . . . Salvage Created 503 | . 41 462 Parts 34 | . 4 30 Haulers Intercepted 2 | . 1 1 Recyclers Shooed 1 | . . 1 Parts Field Recycled 11 | . . 11 Retrieved Matter 28 | . . 28 Parts Self-Destructed . | . . . Prevented . | . . . Parts Restored . | . . . Kills | -11 -10 -9 ------- Run | Yrd Mat Mat Combat Hostiles Destroyed 20 | . . 20 Melee 2 | . . 2 Guns 1 | . . 1 AOE 16 | . . 16 Classes Destroyed 8 | . 1 7 Worker 1 | . . 1 Builder 3 | . . 3 Hauler 2 | . 1 1 Recycler 1 | . . 1 Watcher 2 | . . 2 Swarmer 10 | . . 10 Grunt 7 | . . 7 Sentry 3 | . . 3 Best Kill Streak 6 | . 1 6 Combat Bots Only 5 | . . 5 Max Kills in Single Turn 3 | . 1 3 Gunslinging . | . . . Exploded 2 | . . 2 Melee 1 | . . 1 Uniques/NPCs Destroyed . | . . . Combat | -11 -10 -9 -------- Run | Yrd Mat Mat Hostile Shots Fired 207 | . 6 201 Missed 68 | . . 68 Hits 139 | . 6 133 Projectile 139 | . 6 133 Critical Strikes 4 | . . 4 Damage Taken 1782 | . 78 1704 Core 462 | . 55 407 Absorbed by Shields . | . . . Core Remaining (%) 89 | 100 78 . Volleys Fired 62 | . 1 61 Largest 2 | . 2 2 Hottest 80 | . 40 80 Shots Fired 103 | . 2 101 Gun 72 | . 2 70 Cannon . | . . . Launcher 31 | . . 31 Special . | . . . Kinetic 70 | . 2 68 Thermal 2 | . . 2 Explosive 31 | . . 31 Electromagnetic . | . . . Robot Hit Streak 9 | . 1 9 Robot Miss Streak 4 | . . 4 Penetration Max . | . . . Secondary Targets . | . . . Shots Hit Robots 69 | . 1 68 Core Hits 45 | . 1 44 Critical Kills 1 | . . 1 Critical Parts Destroyed 1 | . . 1 Critical Strikes 2 | . . 2 Smash 2 | . . 2 Melee Attacks 13 | . . 13 Impact 13 | . . 13 Slashing . | . . . Piercing . | . . . Sneak Attacks . | . . . Combat Hostiles . | . . . Follow-up Attacks . | . . . Damage Inflicted 2198 | . 15 2183 Guns 360 | . 15 345 Cannons . | . . . Explosions 1526 | . . 1526 Melee 298 | . . 298 Ramming 14 | . . 14 Kinetic 350 | . 15 335 Thermal 80 | . . 80 Explosive 1456 | . . 1456 Electromagnetic . | . . . Impact 298 | . . 298 Slashing . | . . . Piercing . | . . . Highest Corruption . | . . . Average Corruption . | . . . Corruption Purged . | . . . Corruption Blocked . | . . . Overload Shots . | . . . Overflow Damage 137 | . . 137 Projectiles . | . . . Explosions 112 | . . 112 Melee 25 | . . 25 Knockbacks 2 | . . 2 Impact 2 | . . 2 Kinetic . | . . . Secondary . | . . . Self-Inflicted Damage 260 | . . 260 Shots 10 | . . 10 Rammed 3 | . . 3 Targets Rammed 4 | . . 4 Kicked 1 | . . 1 Crushed . | . . . Highest Temperature 97 | . 6 97 Average Temperature 25 | . 4 26 Received Heat Transfer 510 | . 45 465 Siege Activations . | . . . Martial Activations . | . . . Shielding Activations . | . . . Robots Disrupted . | . . . Combat Hostiles . | . . . Robots Corrupted 1 | . . 1 Combat Hostiles 1 | . . 1 Parts Fried 2 | . . 2 Impact Corruptions 1 | . . 1 Robots Melted . | . . . Combat Hostiles . | . . . Parts Melted . | . . . Heat Transferred 75 | . . 75 Parts Sabotaged . | . . . Parts Stolen . | . . . Parts Stripped . | . . . Power Chain Reactions . | . . . Alert | -11 -10 -9 ------- Run | Yrd Mat Mat Maximum Alert Level 1 | . . 1 Low Security (%) 58 | 100 100 45 Level 1 41 | . . 54 Level 2 . | . . . Level 3 . | . . . Level 4 . | . . . Level 5 . | . . . High Security . | . . . Max Security . | . . . Peak Influence 392 | . 7 392 Initial . | . . . Average 160 | . . 211 Influence Increases 798 | . 11 787 Destroy 0b10 Robot/C 400 | . . 400 Destroy 0b10 Robot/NC 45 | . 5 40 Destroy Leader 98 | . 2 96 Successful Hack 16 | . 4 12 Disable Machine 60 | . . 60 Destroy Structure 134 | . . 134 Lose Combat Pursuer 45 | . . 45 Influence Decreases 493 | . 11 482 Time Decay 313 | . 11 302 Lost Part 180 | . . 180 Squads Dispatched 3 | . . 3 Investigation 2 | . . 2 Extermination . | . . . Reinforcement 1 | . . 1 Assault . | . . . Garrison . | . . . Intercept . | . . . Searches Triggered . | . . . Construction Impeded 1 | . . 1 Haulers Reinforced . | . . . Active Scanning Responses . | . . . Cargo Convoy Interrupts . | . . . Stealth | -11 -10 -9 --------- Run | Yrd Mat Mat Distress Signals 3 | . . 3 Communications Jammed . | . . . Distress Signals . | . . . Times Spotted 34 | . 2 32 Peak Tracking Total 6 | . 2 6 Tactical Retreats 3 | . . 3 Traps | -11 -10 -9 ------- Run | Yrd Mat Mat Traps Triggered 1 | . . 1 Indirectly . | . . . Trap Hack Attempts . | . . . Triggered . | . . . Disarmed . | . . . Reprogrammed . | . . . Reused . | . . . Traps Extracted . | . . . Installed . | . . . Triggered . | . . . Machines | -11 -10 -9 ---------- Run | Yrd Mat Mat Machines Disabled 4 | . . 4 Max in Single Turn 3 | . . 3 Machines Repaired . | . . . Machines Dismantled . | . . . Machines Sabotaged . | . . . Overloaded Fab Kills . | . . . Hacking | -11 -10 -9 --------- Run | Yrd Mat Mat Machines Accessed 4 | . 2 2 Terminals 2 | . 2 . Fabricators . | . . . Repair Stations 2 | . . 2 Recycling Units . | . . . Scanalyzers . | . . . Garrison Access . | . . . Total Hacks 14 | . 6 8 Successful 6 | . 3 3 Failed 8 | . 3 5 Catastrophic . | . . . Database Lockouts . | . . . Manual . | . . . Terminals 6 | . 6 . Fabricators . | . . . Repair Stations 8 | . . 8 Recycling Units . | . . . Scanalyzers . | . . . Garrison Access . | . . . Terminal Hacks 3 | . 3 . Record 1 | . 1 . Locate Traps 1 | . 1 . Hauler Manifests 1 | . 1 . Fabricator Hacks . | . . . Repair Station Hacks 3 | . . 3 Scan Component 1 | . . 1 Refit 2 | . . 2 Recycling Unit Hacks . | . . . Scanalyzer . | . . . Garrison Access Hacks . | . . . Unauthorized Hacks . | . . . Terminals . | . . . Fabricators . | . . . Repair Stations . | . . . Recycling Units . | . . . Scanalyzers . | . . . Garrison Access . | . . . Data Cores Recovered . | . . . Used . | . . . Hacking Detections 3 | . 1 2 Full Trace Events 2 | . . 2 Feedback Events . | . . . Feedback Blocked . | . . . Robot Schematics Acquired . | . . . Robots Built . | . . . Authchips . | . . . Time . | . . . Total Robot Build Rating . | . . . Part Schematics Acquired . | . . . Parts Built . | . . . Authchips . | . . . Time . | . . . Total Part Build Rating . | . . . Part Studies Acquired . | . . . Parts Repaired . | . . . Time . | . . . Parts Recycled . | . . . Recycled Matter . | . . . Retrieved Matter . | . . . Retrieved Components . | . . . Parts Scanalyzed . | . . . Part Schematics Acquired . | . . . Parts Damaged . | . . . Bothacking | -11 -10 -9 ------------ Run | Yrd Mat Mat Used RIF Installer . | . . . Robots Hacked . | . . . Non-combat . | . . . Combat . | . . . Robot Hacks Applied . | . . . Relay Couplers Released . | . . . Fabnet Peak Effective % . | . . . Robots Rewired . | . . . Allies Hacked . | . . . Hacks Repelled . | . . . Allies | -11 -10 -9 -------- Run | Yrd Mat Mat Total Allies . | . . . Largest Group . | . . . Highest-Rated Group . | . . . Highest-Rated Ally . | . . . Total Orders . | . . . Ally Attacks . | . . . Total Damage . | . . . Kills . | . . . Allies Corrupted . | . . . Allies Melted . | . . . Intel | -11 -10 -9 ------- Run | Yrd Mat Mat Active Infowar (turns) 224 | . . 224 Optics 224 | . . 224 Robot Analysis Total . | . . . Derelict Logs Recovered . | . . . Drone Launches . | . . . Drone Recoveries . | . . . Exploration | -11 -10 -9 ------------- Run | Yrd Mat Mat Turns Passed 877 | 70 142 665 Spaces Moved 475 | 52 113 310 Core 18 | 2 . 16 Treads 108 | . . 108 Legs 313 | 50 113 150 Wheels . | . . . Hover 21 | . . 21 Flight 15 | . . 15 Fastest Speed 50 | 50 120 120 Average Speed 133 | 117 120 141 Slowest Speed 250 | 120 120 250 Overloaded Moves . | . . . Propulsion Burnouts . | . . . Robots Hopped . | . . . Potential Cave-ins . | . . . Cave-ins Triggered . | . . . Exploration Rate (%) 18 | 3 27 26 Regions Visited 2 Branch Regions . Pre-discovered Areas . | . . . Known Exits Taken . | . . . Unknown Exits Taken 2 | 1 1 . Scrap Searched . | . . . Spaces Dug 8 | . . 8 Terrain Destroyed 135 | . . 135 Melee . | . . . Projectile . | . . . AOE 135 | . . 135 Terrain Rammed . | . . . Walls Destroyed . | . . . Machines Disabled . | . . . Actions | -11 -10 -9 --------- Run | Yrd Mat Mat Total 593 | 58 117 418 Wait 1 | . 1 . Move 473 | 51 112 310 Hop . | . . . Pick Up 5 | 2 2 1 Fast Attach 17 | 5 1 11 Attach 9 | . . 9 Detach 6 | . . 6 Swap 2 | . . 2 Drop 1 | . . 1 Fire 62 | . 1 61 Melee 13 | . . 13 Ram . | . . . Kick 1 | . . 1 Crush 3 | . . 3 Escape Stasis . | . . . Rewire . | . . . Trap . | . . . Miscellaneous . | . . . Route ------- -11/Scrapyard -10/Materials -9/Materials (discovered 1 exit: [*Mat]) History --------- Turn | Location | Event 19 | -11/Scrapyard | Discovered new exit (range 15) 71 | -11/Scrapyard | Entered Materials 178 | -10/Materials | Discovered new exit (range 9) 213 | -10/Materials | Entered another Materials area 213 | -9/Materials | Evolved 2 slots: Propulsion x2 327 | -9/Materials | Build established: Mutant 392 | -9/Materials | Lost 3 parts (1p1n1u) 451 | -9/Materials | Lost 3 parts (1n1u1w) 513 | -9/Materials | Core integrity fell below 50% 699 | -9/Materials | Discovered new exit (range 15) 804 | -9/Materials | Core integrity fell below 20% 829 | -9/Materials | Lost 5 parts (1p3n1w) 878 | -9/Materials | Destroyed by G-34 Mercenary with Small Laser Last Messages --------------- corrupted. 00785_ Lgt. Armor Plating fried. 00785_ Heat Sink fried. 00786_ Flight Unit destroyed. 00787_ Acquired 53 matter. 00796_ Lgt. Assault Rifle destroyed. 00798_ Backup Propulsion I destroyed. 00799_ G-34 Mercenary suffers critical hit (Smash). 00799_ G-34 Mercenary destroyed. 00801_ G-34 Mercenary knocked back. 00808_ G-34 Mercenary destroyed. 00811_ Acquired 30 matter. 00814_ Acquired Sml. Laser. 00822_ Acquired 42 matter. 00837_ Lgt. Treads destroyed. 00838_ Field Recycling Unit collects Com. Matter Pod, recycling 1 matter... 00865_ Lgt. Nuclear Core destroyed. 00876_ G-34 Mercenary knocked back. Map ----- +----------------------------------------------------+ | | | | | | | | | | | | | | | | | | | | | | | | | ?????????????????????????????????????????????????? | | ?????????????????????????????????????????????????? | | ?????????????????????????????????????????????????? | | ?????????????????????????????????????????????????? | | ?????????????????????????????????????????????????? | | ?????????????????????????????????????????????????? | | ????????????????????????????????????????#####????? | | ??????????????????????? ??#??????????# #????? | | ???????????????????# """"""" #??????????# < #????? | | ???????????????????# """"""" #??????????# #????? | | ???????????????????# """"""" #??????????# #????? | | ???????????????????# """"""" #??????????# #????? | | ???????????????????# """"""" #??????????# #????? | | ???????????????????# @ #??????????# #????? | | ??????????????????######g################ #????? | | ??????????????????#! + # #????? | | ??????????????????# ##### # #????? | | ??????????????????#// #???# """ """ + +????? | | ??????????????????# / #???# """ """ # #????? | | ??????????????????# #???# """ """ # #????? | | ??????????????????# #???# # #????? | | ??????????????????##### #???# # ###### | | ??????????????????????# #???# ! # # | | ??????????????????????# % #???########### # | | ??????????????????????# #?????????????# # | | ??????????????????????# #?????????????# # | | ??????????????????????# #?????????????# # | | ??????????????????????# #?????????????# + | | ??????????????????????# #???????????####+####### | | ??????????????????????# #???????????# # | | ??????????????????????+ #???????????# """ # | | ??????????????????????# #???????????# "R # | | ??????????????????????# #???????????# # | | ??????????????????????? #???????????# # | | ??????????????????????? #???????????# # | | ??????????????????????? ???????????## | | ?????????????????????????????????????#" | | ????????????????????????????????????##" | +----------------------------------------------------+ Best States ------------- Heat Dissipation 28 Energy Generation 14 Energy Capacity 250 Matter Stores 300 Matter Capacity 300 Sight Range 18 Terrain Scan Density 10 Armor Coverage 230 Evasion (%) 55 Recoil Reduction 2 Salvage Targeting 1 Item Schematics ----------------- None Robot Schematics ------------------ None Fabricated ------------ Nothing Repaired ---------- Nothing Studied --------- None Alien Tech Used ----------------- None Achievements -------------- None Challenges ------------ None Game ------ Seed MatterMachineCoupler Manual? 0 Play Time 00:11:53 Cumulative 8.2 hours Start 2026.03.08 @ 12:17:14 End 2026.03.08 @ 12:31:04 Sessions 1 Manual Loads 0 Difficulty Rogue Special Mode None Game No. 15 Rogue 15 Adventurer 0 Explorer 0 Win Type - Total 0 Types 0/0/0/0/0/0/0/0/0/0 Lore% 18 Gallery% 13 Achievement% 13 Wizard Run 0 Options --------- Layout 1 ASCII 0 Keyboard 0 Movement Numpad Keybinds 0 Fullscreen 1 Font 24/Smallcaps Map View 50x35 Zoom Use 0% Tactical HUD 1 Map Filters NONE Filters NONE Steam 1 RUN: cb934373-e8f5-42ca-9d2e-e8cacd7174f1